 Dungeon Crawl Stone Soup version 0.31.0-7-gf635a9b802 (webtiles) character file.

Game seed: 6247186014282656303

237064 croobank the Thanatomancer (level 18, -10/93 HPs)
             Began as a Felid Summoner on Jan 23, 2024.
             Was a Believer of Jiyva.
             Blown up by an orb spider (46 damage)
             ... with an orb of destruction
             ... on level 3 of the Spider Nest.
             The game lasted 04:31:24 (41905 turns).

croobank the Thanatomancer (Felid Summoner)        Turns: 41905, Time: 04:31:25

Health: -10/93     AC:  3    Str:  6    XL:     18   Next: 95%
Magic:  25/37      EV: 24    Int: 24    God:    Jiyva [**....]
Gold:   1472       SH:  0    Dex: 18    Spells: 0/45 levels left
                                        Lives:  0   Deaths: 6

rFire   + . .        (weapon unavailable)
rCold   . . .        (shield unavailable)
rNeg    + . .        (body armour unavailable)
rPois   .            (helmet unavailable)
rElec   .            (cloak unavailable)
rCorr   +            (gloves unavailable)
SInv    +            (boots unavailable)
Will    ++...        c - amulet of regeneration
Stlth   +++++        q - ring of fire
HPRegen 2.11/turn    C - ring of positive energy
MPRegen 0.73/turn

%: random rage (3%)
@: brilliant
A: very small, claws 1, fangs 3, see invisible, shaggy fur 3, stealthy paws, no
weapons or thrown items, no armour, multi-lived, berserk 1
}: 1/15 runes: barnacled
a: Renounce Religion


You were on level 3 of the Spider Nest.
You worshipped Jiyva.
Jiyva was pleased with you.
You visited 7 branches of the dungeon, and saw 35 of its levels.

You collected 2779 gold pieces.
You spent 1307 gold pieces at shops.

Inventory:

Jewellery
 c - an amulet of regeneration (around neck)
 n - a +6 ring of strength
 o - a +4 ring of protection
 p - a ring of protection from cold
 q - a ring of fire (left paw)
 C - a ring of positive energy (right paw)
Wands
 b - a wand of polymorph (8)
 k - a wand of paralysis (20)
 l - a wand of mindburst (37)
 s - a wand of flame (38)
 v - a wand of digging (1)
Scrolls
 f - 4 scrolls of amnesia
 i - 2 scrolls of revelation
 w - a scroll of torment
 x - 2 scrolls of immolation
 A - 6 scrolls of fog
 H - 7 scrolls of teleportation
 K - 2 scrolls of identify
 M - 3 scrolls of poison
Potions
 d - 3 potions of haste
 e - 6 potions of curing
 g - a potion of might
 h - 5 potions of mutation
 m - 2 potions of brilliance
 t - a potion of ambrosia
 u - 5 potions of attraction
 F - a potion of lignification
 N - 4 potions of enlightenment
Miscellaneous
 B - a tin of tremorstones (2/2)
 D - a lightning rod (4/4)


   Skills:
 - Level 10.0 Fighting
 - Level 10.0 Dodging
 - Level 10.0 Stealth
 - Level 14.0 Spellcasting
 - Level 5.0 Hexes
 - Level 14.0 Summonings
 + Level 23.4 Necromancy
 - Level 5.0 Fire Magic
 - Level 7.0 Air Magic


You couldn't memorise any spells.
You knew the following spells:

 Your Spells              Type           Power      Damage    Failure   Level
a - Summon Small Mammal   Summ           100%       N/A       0%          1
c - Call Canine Familiar  Summ           90%        N/A       1%          3
d - Summon Blazeheart Go  Fire/Summ      96%        N/A       1%          4
e - Summon Lightning Spi  Summ/Air       79%        N/A       1%          4
A - Animate Dead          Necr           100%       N/A       0%          4
D - Death Channel         Necr           57%        N/A       1%          6
H - Haunt                 Necr/Summ      51%        N/A       1%          7
I - Infestation           Necr           57%        N/A       1%          8
N - Anguish               Hex/Necr       45%        N/A       1%          4
U - Dispel Undead         Necr           100%       3d31      0%          4

Your spell library contained the following spells:

 Spells                   Type           Power      Damage    Failure   Level
 Necrotise                Necr           100%       1d9       0%          1
 Call Imp                 Summ           100%       N/A       0%          2
 Sublimation of Blood     Necr           100%       N/A       0%          2
 Fugue of the Fallen      Necr           100%       N/A       0%          3
 Vampiric Draining        Necr           100%       2d13      0%          3
 Martyr's Knell           Necr/Summ      100%       N/A       0%          4
 Shock                    Conj/Air       100%       1d9       1%          1
 Slow                     Hex            100%       N/A       1%          1
 Ensorcelled Hibernation  Hex/Ice        86%        N/A       1%          2
 Scorch                   Fire           100%       2d9       1%          2
 Confusing Touch          Hex            57%        N/A       1%          3
 Inner Flame              Hex/Fire       75%        N/A       1%          3
 Sigil of Binding         Hex            57%        N/A       1%          3
 Borgnjor's Vile Clutch   Necr/Erth      41%        N/A       1%          5
 Summon Cactus Giant      Summ           45%        N/A       1%          6
 Borgnjor's Revivificati  Necr           57%        N/A       1%          8
 Apportation              Tloc           50%        N/A       3%          1
 Sandblast                Erth           50%        2d12      3%          1
 Sting                    Conj/Alch      100%       1d9       3%          1
 Cause Fear               Hex            28%        N/A       4%          4
 Lesser Beckoning         Tloc           50%        N/A       5%          2
 Vhi's Electric Charge    Tloc/Air       100%       N/A       9%          4
 Monstrous Menagerie      Summ           45%        N/A       10%         7
 Summon Hydra             Summ           45%        N/A       10%         7
 Frozen Ramparts          Ice            50%        1d8       11%         3
 Gell's Gravitas          Tloc           25%        N/A       11%         3
 Ozocubu's Armour         Ice            25%        N/A       11%         3
 Stone Arrow              Conj/Erth      50%        3d10      11%         3
 Teleport Other           Tloc           25%        N/A       11%         3
 Flame Wave               Conj/Fire      59%        2d14      12%         4
 Sticky Flame             Fire/Alch      59%        2d10      12%         4
 Arcjolt                  Conj/Air       25%        1d35      22%         5
 Death's Door             Necr           57%        N/A       24%         9
 Brom's Barrelling Bould  Conj/Erth      25%        2d5       34%         4
 Leda's Liquefaction      Alch/Erth      12%        N/A       34%         4
 Manifold Assault         Tloc           25%        N/A       34%         4
 Petrify                  Alch/Erth      25%        N/A       34%         4
 Fireball                 Conj/Fire      29%        3d13      34%         5
 Metabolic Englaciation   Hex/Ice        21%        N/A       34%         5
 Plasma Beam              Fire/Air       40%        2x1d54    41%         6
 Summon Horrible Things   Summ           45%        N/A       58%         8
 Irradiate                Conj/Alch      12%        3d15      67%         5
 Iskenderun's Battlesphe  Conj           25%        2d8       67%         5
 Conjure Ball Lightning   Conj/Air       25%        3x3d7     77%         6
 Enfeeble                 Hex            28%        N/A       98%         7
 Orb of Destruction       Conj           12%        9d7       100%        7
 Lehudib's Crystal Spear  Conj/Erth      12%        10d4      100%        8
 Animate Armour           Summ/Erth      Unusable   N/A       N/A         4

Dungeon Overview and Level Annotations

Branches:
Dungeon (15/15)            Temple (1/1) D:6            Lair (5/5) D:8
 Shoals (4/4) Lair:3       Spider (3/4) Lair:2        Slime (5/5) Lair:4
    Orc (2/2) D:9             Elf (0/3) Orc:2        Vaults (0/5) D:14
 Depths (0/4) D:15

Altars:
Ashenzari
Cheibriados
Dithmenos
Elyvilon
Fedhas
Gozag
Hepliaklqana
Kikubaaqudgha
Makhleb
Nemelex Xobeh
Okawaru
Qazlal
Ru
Sif Muna
Trog
Uskayaw
Vehumet
Wu Jian
Xom
Yredelemnul
Zin
The Shining One
Jiyva

Shops:
D:14 *   Orc:2 [?**

Annotations:
D:3 Natasha
D:10 1 runed translucent door, turdburglar's ghost, journeyman DrSh
Slime:5 Royal Jelly


Innate Abilities, Weirdness & Mutations

You have sharp claws.
You have razor-sharp teeth.
You have supernaturally acute eyesight. (SInv)
Your thick and shaggy fur keeps you warm. (AC +3, rC+)
Your paws help you pounce on unaware monsters.
You are incapable of wielding weapons or throwing items.
You cannot wear armour.
You gain extra lives every three experience levels.
You sometimes lose your temper in combat.


Message History

An emperor scorpion comes into view.
The orb spider spins a strand of pure energy.
The orb spider simulacrum misses you.
The orb spider's soul is no longer bound.
The orb of destruction hits a rock wall.
The orb spider simulacrum closely misses you.
Your blazeheart golem barely misses the orb spider.
Your blazeheart golem's core grows cold and it stops moving.
Your blazeheart golem's core flares to life once more.
The orb spider simulacrum bites you. The orb spider simulacrum freezes you!
Aiming: Throw Flame
Press: ? - help, Shift-Dir - straight line, f - orb spider simulacrum
Aim: an orb spider simulacrum (89% to hit)
The puff of flame hits the orb spider simulacrum!
The orb spider simulacrum melts!
The orb spider simulacrum is moderately damaged.
The orb spider simulacrum closely misses you.
Aiming: Throw Flame
Press: ? - help, Shift-Dir - straight line, f/p - orb spider simulacrum
Aim: an orb spider simulacrum (moderately damaged, 89% to hit)
The puff of flame hits the orb spider simulacrum!
The orb spider simulacrum melts!
The orb spider simulacrum is severely damaged.
Your blazeheart golem's core grows cold and it stops moving.
The orb spider weaves a glowing orb of energy.
The orb spider simulacrum closely misses you.
An orb of destruction comes into view.
The emperor scorpion closely misses you.
The emperor scorpion claws you!
The emperor scorpion closely misses you.
The orb spider simulacrum barely misses you.
Aiming: Throw Flame
Press: ? - help, Shift-Dir - straight line, f/p - orb spider simulacrum
Aim: an orb spider simulacrum (severely damaged, 89% to hit)
The puff of flame hits the orb spider simulacrum!
The orb spider simulacrum melts!
The orb spider simulacrum vaporises!
You hear a sizzling sound!
The orb of destruction hits you!!!
You die...

......#...#.....#...^.......#
.#...........#>.......###...#
....s.......#†..#....## ##..#
.............#..^...## ####
....#........†....(##
...8.##.^.^...†...^#
.###.#....#..#....#s.+
.^}^○.W.†>|#...s[#.9.#
....sH..#####...@.○°##
.....s#W..# ##...○.##
...#......# #..#..#
........### #....^# ....#####
####..# ...# ##.. #.# #### ##


You could see an emperor scorpion, an orb spider (infested, ally target,
anguished) and a friendly blazeheart golem (summoned, paralysed).

Vanquished Creatures
  Jorgrun (D:12)
  9 acid blobs
  A rockslime (Slime:4)
  3 azure jellies
  An orc warlord (Orc:2)
  2 quicksilver oozes
  A merfolk javelineer (Shoals:1)
  A great orb of eyes (Slime:5)
  5 hydras
  A radroach (Spider:1)
  An ogre mage (Orc:2)
  2 alligator snapping turtles
  A boulder beetle (D:14)
  A tengu warrior (D:14)
  5 death yaks
  9 two-headed ogres
  2 demonic crawlers
  2 skysharks
  2 sea snakes
  2 orc knights
  An ugly thing zombie (D:14)
  2 deep elf zephyrmancers
  2 wolf spiders
  7 ugly things
  2 manticores
  3 elephants
  3 cyclopes
  A meliai (D:15)
  A black mamba (Lair:5)
  A gargoyle (D:12)
  A torpor snail (Lair:4)
  2 rime drakes (Lair:5)
  3 cane toads
  5 komodo dragons
  A tengu conjurer (D:14)
  An efreet (D:12)
  2 hydra zombies
  A wind drake (Shoals:3)
  5 merfolk
  3 trolls
  2 hornets (D:9)
  2 tarantellas
  A blink frog (Lair:5)
  A jumping spider zombie (Spider:2)
  16 slime creatures
  A snapping turtle (Shoals:4)
  3 wraiths (D:13)
  2 wyverns
  14 yaks
  A nameless horror (D:7)
  Eustachio (D:4)
  A yak (shapeshifter) (D:15)
  3 basilisks
  A wyvern (shapeshifter) (D:12)
  2 redbacks
  2 wargs (Orc:1)
  4 vampire mosquitoes (D:13)
  Edmund (D:4)
  2 two-headed ogre zombies
  6 water moccasins
  A cane toad zombie (Lair:4)
  11 orc warriors
  A black bear (Lair:2)
  A blink frog zombie (Lair:5)
  A sky beast (D:7)
  3 boggarts
  2 wolves (Lair:2)
  A dream sheep zombie (Lair:4)
  7 ogres
  4 kobold brigands
  2 gnoll sergeants
  2 bullfrogs
  A water moccasin zombie (Lair:2)
  2 wights (D:7)
  A yak zombie (Lair:1)
  A troll zombie (D:13)
  A tengu zombie (D:14)
  2 electric eels (Lair:3)
  3 howler monkeys
  2 jellies
  2 orc priests
  A boggart zombie (D:14)
  4 orc wizards
  2 ogre zombies (D:14)
  3 gnolls
  A white imp (D:5)
  13 orcs
  A ball python (D:12)
  3 endoplasms
  A giant cockroach (D:1)
  A goblin (D:2)
  A hobgoblin (D:4)
  2 bats
  5 kobolds
  4 orc zombies
  A rat (D:1)
259 creatures vanquished.

Vanquished Creatures (collateral kills)
  Dissolution (Slime:2)
  Nikola (Spider:2)
  15 acid blobs
  Polyphemus (Shoals:3)
  5 azure jellies
  10 rockslimes
  A frost giant (Shoals:4)
  2 ghost moths
  Louise (Spider:2)
  5 quicksilver oozes
  A stone giant (D:15)
  A broodmother (Spider:1)
  6 formless jellyfish
  Nessos (D:12)
  4 spark wasps
  2 merfolk javelineers (Shoals:1)
  A fire dragon (D:12)
  Josephine (D:13)
  7 great orbs of eyes
  7 merfolk impalers
  2 entropy weavers
  A yaktaur captain (D:15)
  2 catoblepae
  4 ogre magi
  6 centaur warriors
  6 hydras
  A radroach (Spider:1)
  2 merfolk aquamancers (Shoals:4)
  A death knight (D:12)
  A merfolk avatar (Shoals:4)
  2 satyrs
  An alligator snapping turtle (Shoals:2)
  6 death yaks
  4 boulder beetles
  7 two-headed ogres
  3 tengu warriors
  2 demonic crawlers
  Sonja (D:12)
  A pharaoh ant (Spider:1)
  3 skysharks
  A fire crab (Lair:3)
  4 sea snakes
  A shadow wraith (D:14)
  2 sun moths
  2 orb spiders
  5 lindwurms (Lair:5)
  A steelbarb worm (Spider:1)
  2 glowing orange brains
  2 deep elf pyromancers
  11 harpies
  7 shining eyes
  6 wolf spiders
  4 cyclopes
  13 manticores
  6 ugly things
  19 fauns
  3 moths of wrath
  2 meliai (D:15)
  3 water nymphs
  5 elephants (Lair:5)
  A kobold blastminer (Orc:1)
  7 torpor snails
  2 black mambas
  7 merfolk sirens
  15 cane toads
  4 eyes of devastation
  A kobold demonologist (D:8)
  5 rime drakes
  5 komodo dragons
  2 redback zombies (Spider:1)
  3 tengu conjurers
  A freezing wraith (D:15)
  A great orb of eyes zombie (Slime:5)
  2 wind drakes
  A queen bee (shapeshifter) (D:14)
  3 trolls
  21 merfolk
  2 tyrant leeches (Lair:5)
  5 hornets (Lair:5)
  A glass eye (Slime:4)
  3 polar bears
  2 jumping spider zombies (Spider:2)
  A tarantella zombie (Spider:2)
  A raiju (shapeshifter) (D:13)
  8 tarantellas
  4 snapping turtles
  26 dream sheep
  12 blink frogs (Lair:5)
  8 jumping spiders
  7 culicivoras
  63 slime creatures
  A centaur simulacrum (D:15)
  A wraith (D:13)
  2 wyverns
  3 water elementals
  2 fire elementals (D:13)
  48 yaks
  6 basilisks
  3 steam dragons
  13 golden eyes
  15 redbacks
  4 vampire mosquitoes (D:13)
  Menkaure (D:5)
  An acid dragon (D:11)
  12 water moccasins
  8 orc warriors
  3 hell hounds (D:13)
  A laughing skull (D:13)
  6 black bears
  20 ogres
  A boggart (D:14)
  9 wolves
  2 centaurs
  2 phantoms
  Blork the orc (D:4)
  4 kobold brigands (D:8)
  4 nameless horrors
  16 bullfrogs
  4 gnoll sergeants
  2 wights (D:7)
  An electric eel (Lair:3)
  7 howler monkeys
  A bombardier beetle (D:6)
  2 hounds
  19 orc priests
  A jelly (D:7)
  A sleepcap (D:8)
  4 iguanas
  18 orc wizards
  Natasha (D:3)
  A hell rat (Lair:5)
  Robin (D:2)
  29 gnolls
  2 adders (D:4)
  A white imp (D:6)
  3 ufetubi
  2 dart slugs
  2 ribbon worms (D:3)
  37 orcs
  5 ball pythons
  6 endoplasms
  2 giant cockroaches
  13 goblins
  5 hobgoblins
  17 kobolds
  5 quokkas
  A frilled lizard (D:1)
  3 rats
837 creatures vanquished.

Vanquished Creatures (others)
  Arachne (Spider:3)
  Asterion (Spider:3)
  9 acid blobs
  3 rockslimes
  A formless jellyfish (Slime:5)
  3 quicksilver oozes
  Azrael (D:13)
  2 acid blob zombies
  A merfolk impaler (Shoals:4)
  A great orb of eyes (Slime:4)
  A radroach (Spider:1)
  2 ice dragons
  A hydra (Lair:5)
  2 centaur warriors
  A boulder beetle (D:13)
  A catoblepas (D:12)
  9 two-headed ogres
  2 satyrs
  2 azure jelly zombies (Slime:5)
  A merfolk aquamancer (Shoals:4)
  A death yak (Shoals:3)
  3 tengu warriors
  A quicksilver ooze zombie (Slime:3)
  4 sea snakes
  A pharaoh ant (Spider:3)
  2 orb spiders
  A deep elf archer (D:12)
  2 orc knights (Orc:1)
  A necromancer (D:15)
  3 harpies
  4 ugly thing zombies
  A broodmother zombie (Spider:1)
  3 wolf spiders
  A deep elf pyromancer (D:15)
  A faun (Shoals:2)
  4 wolf spider zombies
  An orc sorcerer (Orc:1)
  2 ugly things (D:15)
  3 manticores
  An elephant (Lair:5)
  2 centaur zombies
  A kobold blastminer (Orc:2)
  A black mamba (Lair:5)
  A torpor snail (Spider:2)
  An alligator snapping turtle zombie (Shoals:4)
  A water nymph (Shoals:3)
  A formless jellyfish zombie (Slime:5)
  3 cane toads (Lair:5)
  A death yak zombie (Lair:3)
  9 redback zombies
  An orb spider zombie (Spider:2)
  3 sea snake zombies
  2 great orb of eyes zombies (Slime:5)
  9 harpy zombies
  4 merfolk
  A troll (D:12)
  2 demonic crawler zombies
  A polar bear (shapeshifter) (D:15)
  A tyrant leech (Lair:5)
  5 hydra zombies
  2 tarantellas (Spider:1)
  2 hornets (Lair:5)
  2 jumping spider zombies (Spider:2)
  A snapping turtle (Shoals:3)
  2 boulder beetle zombies
  A wind drake (Shoals:1)
  4 tarantella zombies
  4 culicivora zombies (Spider:1)
  2 meliai zombies (D:15)
  9 slime creatures
  9 jumping spiders
  2 black mamba zombies (Lair:5)
  2 culicivoras (Spider:1)
  A spriggan (shapeshifter) (D:15)
  12 slime creature zombies
  A warg (Orc:2)
  3 yaks (D:12)
  A wind drake zombie (Shoals:3)
  A basilisk (Lair:5)
  A tyrant leech zombie (Lair:5)
  A wraith (D:13)
  11 redbacks
  14 merfolk zombies
  2 human zombies
  8 two-headed ogre zombies
  3 faun zombies (Shoals:3)
  A skyshark zombie (Shoals:1)
  5 cane toad zombies
  An entropy weaver zombie (Spider:2)
  4 hornet zombies (Lair:5)
  A hell hound (D:13)
  2 elf zombies
  3 orc warriors (Orc:1)
  2 elephant zombies (Lair:5)
  A laughing skull (D:13)
  4 manticore zombies
  An ogre (Orc:2)
  2 lindwurm zombies (Lair:5)
  A snapping turtle zombie (Shoals:3)
  3 blink frog zombies (Lair:5)
  A black bear (shapeshifter) (D:15)
  6 dream sheep zombies
  A wolf (Lair:5)
  4 centaurs (D:13)
  A torpor snail zombie (Lair:5)
  A rime drake zombie (Lair:5)
  2 kobold zombies
  A bullfrog (Lair:5)
  A warg zombie (Orc:1)
  A komodo dragon zombie (D:11)
  2 wyvern zombies
  3 hell hound zombies (D:13)
  3 cyclops zombies
  2 water moccasin zombies
  2 polar bear zombies
  A spriggan zombie (D:15)
  2 tengu zombies
  A troll zombie (D:12)
  13 yak zombies
  3 wolf zombies
  5 bullfrog zombies
  3 black bear zombies (Lair:2)
  15 jellies
  3 basilisk zombies (Lair:5)
  2 hounds (D:13)
  An orc priest (D:12)
  2 orc wizards
  2 boggart zombies
  7 ogre zombies
  2 hound zombies
  A hell rat zombie (Lair:5)
  A howler monkey zombie (D:12)
  An ufetubus (D:7)
  29 orc zombies
  8 orcs
  2 goblins
  An endoplasm zombie (D:13)
  A gnoll zombie (D:11)
  A goblin zombie (D:13)
  103 blazeheart cores
508 creatures vanquished.

Grand Total: 1604 creatures vanquished

Notes
Turn   | Place    | Note
-------+----------+-------------------------------------------
     0 | D:1      | croobank the Felid Summoner began the quest for the Orb.
     0 | D:1      | Reached XP level 1. HP: 9/9 MP: 4/4
   312 | D:1      | Reached XP level 2. HP: 13/13 MP: 4/6
   315 | D:1      | Learned a level 2 spell: Call Imp
  1096 | D:2      | Reached XP level 3. HP: 16/16 MP: 3/7
  1100 | D:2      | Learned a level 3 spell: Call Canine Familiar
  1234 | D:2      | Noticed Robin
  1254 | D:2      | Killed Robin
  2149 | D:3      | Reached XP level 4. HP: 21/21 MP: 2/8
  2149 | D:3      | Gained a life (2 lives remaining)
  2385 | D:3      | Noticed Natasha
  2406 | D:3      | Killed Natasha
  2488 | D:3      | Noticed Natasha
  3149 | D:4      | Reached XP level 5. HP: 24/24 MP: 4/10
  3219 | D:4      | Noticed a phantom
  3236 | D:4      | Killed a phantom
  3733 | D:4      | Reached skill level 5 in Stealth
  3733 | D:4      | Reached skill level 5 in Summonings
  3733 | D:4      | Gained mutation: You are covered in thick fur. (AC +2)
                  | [Felid growth]
  3733 | D:4      | Reached XP level 6. HP: 28/28 MP: 7/12
  3738 | D:4      | Learned a level 4 spell: Summon Blazeheart Golem
  3979 | D:4      | Noticed Blork the orc
  3992 | D:4      | Killed Blork the orc
  3993 | D:4      | Reached skill level 5 in Dodging
  4084 | D:4      | Reached skill level 1 in Fire Magic
  4232 | D:4      | Noticed Edmund
  4265 | D:4      | Killed Edmund
  4266 | D:4      | Reached skill level 1 in Fighting
  4673 | D:4      | Noticed Eustachio
  4674 | D:4      | Noticed a nameless horror
  4679 | D:4      | Killed a nameless horror
  4688 | D:4      | Killed Eustachio
  4689 | D:4      | Reached XP level 7. HP: 32/33 MP: 0/13
  5002 | D:5      | Entered Level 5 of the Dungeon
  5072 | D:5      | Noticed Menkaure
  5164 | D:5      | Killed Menkaure
  5165 | D:5      | Reached XP level 8. HP: 22/39 MP: 8/15
  5903 | D:5      | Learned a level 4 spell: Summon Lightning Spire
  6215 | D:6      | Reached skill level 1 in Air Magic
  6876 | D:6      | Reached XP level 9. HP: 44/44 MP: 13/17
  7198 | D:6      | Found a staircase to the Ecumenical Temple.
  7207 | Temple   | Entered the Ecumenical Temple
  7216 | Temple   | Became a worshipper of Kikubaaqudgha
  7311 | D:7      | Upgraded the game from 0.31.0-4-g52a2dc7128 to
                  | 0.31.0-7-gf635a9b802
  7327 | D:7      | Reached skill level 5 in Spellcasting
  7392 | D:6      | Reached skill level 5 in Fire Magic
  8888 | D:8      | Found a staircase to the Lair.
  8888 | D:8      | Noticed an elephant
  8896 | D:8      | Reached XP level 10. HP: 51/51 MP: 15/19
  9305 | D:8      | Killed an elephant
  9306 | D:8      | Reached skill level 5 in Fighting
  9661 | D:8      | Reached * piety under Kikubaaqudgha
  9661 | D:8      | Received a gift from Kikubaaqudgha
  9667 | D:8      | Learned a level 4 spell: Animate Dead
 11162 | D:9      | Reached ** piety under Kikubaaqudgha
 11462 | D:9      | Noticed a two-headed ogre
 11464 | D:9      | Noticed a two-headed ogre
 11472 | D:9      | Killed a two-headed ogre
 11480 | D:9      | Killed a two-headed ogre
 11481 | D:9      | Reached skill level 5 in Air Magic
 11506 | D:9      | Reached skill level 10 in Stealth
 11775 | D:9      | Reached XP level 11. HP: 56/56 MP: 17/21
 12068 | D:9      | Got the Secrets of Burning Concussion
 12087 | D:9      | Found a staircase to the Orcish Mines.
 12233 | D:9      | Found a snail-covered altar of Cheibriados.
 12238 | D:9      | Found a glowing golden altar of the Shining One.
 12243 | D:9      | Found a shimmering altar of Xom.
 12551 | D:10     | Entered Level 10 of the Dungeon
 12557 | D:10     | Noticed a two-headed ogre
 12567 | D:10     | Killed a two-headed ogre
 12568 | D:10     | Reached skill level 1 in Necromancy
 12725 | D:10     | Noticed a two-headed ogre
 12741 | D:10     | Killed a two-headed ogre
 12742 | D:10     | Reached skill level 10 in Dodging
 12742 | D:10     | Reached skill level 2 in Necromancy
 12835 | D:10     | Found a runed translucent door.
 12835 | D:10     | Noticed turdburglar's ghost (journeyman DrSh)
 12835 | D:10     | Noticed a harpy
 13018 | D:10     | Reached *** piety under Kikubaaqudgha
 13018 | D:10     | Received a gift from Kikubaaqudgha
 13225 | D:11     | Reached skill level 3 in Necromancy
 13711 | D:11     | Noticed a boulder beetle
 13744 | D:11     | Killed a boulder beetle
 14064 | D:12     | Noticed a centaur warrior
 14103 | D:12     | Noticed Jorgrun
 14103 | D:12     | Shot with an arrow by a centaur warrior
 14103 | D:12     | Lost a life (1 life remaining)
 14154 | D:12     | Noticed Sonja
 14157 | D:12     | Killed Sonja
 14158 | D:12     | Reached skill level 4 in Necromancy
 14177 | D:12     | Killed Jorgrun
 14189 | D:12     | Reached skill level 5 in Necromancy
 14213 | D:12     | Gained mutation: Your thick and shaggy fur keeps you warm.
                  | (AC +3, rC+) [Felid growth]
 14213 | D:12     | Reached XP level 12. HP: 63/63 MP: 13/24
 14213 | D:12     | Gained a life (2 lives remaining)
 14304 | D:12     | Noticed Nessos
 14314 | D:12     | Noticed a fire dragon
 14315 | D:12     | HP: 3/63 [Nessos/arrow (1)]
 14322 | D:12     | Found a sparkling altar of Nemelex Xobeh.
 14325 | D:12     | Shot with an arrow by a centaur warrior
 14325 | D:12     | Lost a life (1 life remaining)
 14438 | Lair:1   | Entered Level 1 of the Lair of Beasts
 14651 | Lair:1   | Reached **** piety under Kikubaaqudgha
 14655 | Lair:1   | Reached skill level 6 in Necromancy
 15846 | Lair:2   | Reached skill level 7 in Necromancy
 15881 | Lair:2   | Noticed a five-headed hydra
 15894 | Lair:2   | Killed a five-headed hydra
 16008 | Lair:2   | Noticed a five-headed hydra
 16021 | Lair:2   | Killed a five-headed hydra
 16255 | Lair:2   | Reached skill level 8 in Necromancy
 16954 | Lair:2   | Found a hole to the Spider Nest.
 17145 | Lair:3   | Noticed an eight-headed hydra
 17149 | Lair:3   | Found a staircase to the Shoals.
 17157 | Lair:3   | Killed an eight-headed hydra
 17159 | Lair:3   | Reached ***** piety under Kikubaaqudgha
 17167 | Lair:3   | Reached XP level 13. HP: 69/69 MP: 14/26
 17167 | Lair:3   | Gained a life (2 lives remaining)
 17170 | Lair:3   | Reached skill level 10 in Summonings
 17341 | Lair:3   | Reached skill level 9 in Necromancy
 18120 | Lair:4   | Reached skill level 10 in Necromancy
 18124 | Lair:4   | HP: 3/70 [cane toad (7)]
 18125 | Lair:4   | Demolished by a cane toad
 18125 | Lair:4   | Lost a life (1 life remaining)
 18366 | Lair:4   | Found a staircase to the Slime Pits.
 18366 | Lair:4   | Found a viscous altar of Jiyva.
 18905 | Lair:4   | Reached skill level 10 in Fighting
 19094 | Lair:4   | Reached skill level 11 in Necromancy
 19170 | Lair:4   | Learned a level 6 spell: Death Channel
 19443 | Lair:5   | Entered Level 5 of the Lair of Beasts
 19451 | Lair:4   | Reached skill level 10 in Spellcasting
 19891 | Lair:5   | Reached ****** piety under Kikubaaqudgha
 19896 | Lair:5   | Reached XP level 14. HP: 77/77 MP: 15/29
 19896 | Lair:5   | Gained a life (2 lives remaining)
 19898 | Lair:5   | Reached skill level 12 in Necromancy
 19991 | Lair:5   | Received a gift from Kikubaaqudgha (forbidden knowledge)
 20023 | Lair:5   | Reached skill level 13 in Necromancy
 20833 | Lair:5   | Reached skill level 14 in Necromancy
 21675 | Lair:5   | Got the Essays on Crystalline Rime
 21684 | Lair:5   | Learned a level 4 spell: Anguish
 21933 | Lair:5   | Reached skill level 15 in Necromancy
 23191 | D:12     | HP: 1/77 [Nessos/arrow (18)]
 23191 | D:12     | Shot with an arrow by Nessos
 23191 | D:12     | Lost a life (1 life remaining)
 23317 | D:12     | Killed Nessos
 24052 | D:13     | Noticed Azrael
 24055 | D:13     | Killed Azrael
 24056 | D:13     | Reached XP level 15. HP: 59/80 MP: 2/30
 24684 | D:13     | Reached skill level 16 in Necromancy
 25010 | D:13     | Noticed Josephine
 25020 | D:13     | Killed Josephine
 25731 | Orc:1    | Entered Level 1 of the Orcish Mines
 26060 | Orc:1    | Learned a level 7 spell: Haunt
 26784 | Orc:2    | Entered Level 2 of the Orcish Mines
 27706 | Orc:2    | Reached skill level 17 in Necromancy
 28271 | Orc:2    | Found Matsoit's Antique Armour Shoppe.
 28271 | Orc:2    | Found Xagaram's General Store.
 28272 | Orc:2    | Found Sakh's Assorted Antiques.
 28272 | Orc:2    | Found Mojo's Magic Scroll Boutique.
 28311 | Orc:2    | Found a staircase to the Elven Halls.
 28335 | Orc:2    | Bought a potion of invisibility for 112 gold pieces
 28335 | Orc:2    | Bought a scroll of teleportation for 42 gold pieces
 28335 | Orc:2    | Bought a scroll of summoning for 133 gold pieces
 28336 | Orc:2    | Bought a potion of heal wounds for 120 gold pieces
 28336 | Orc:2    | Bought a scroll of fear for 96 gold pieces
 28336 | Orc:2    | Bought a scroll of immolation for 96 gold pieces
 28336 | Orc:2    | Bought a scroll of amnesia for 96 gold pieces
 28336 | Orc:2    | Bought a scroll of identify for 48 gold pieces
 28756 | Orc:2    | Bought a scroll of poison for 52 gold pieces
 28756 | Orc:2    | Bought a scroll of fog for 52 gold pieces
 28756 | Orc:2    | Bought a scroll of fog for 52 gold pieces
 28756 | Orc:2    | Bought a scroll of poison for 52 gold pieces
 28756 | Orc:2    | Bought a scroll of teleportation for 39 gold pieces
 28756 | Orc:2    | Bought a scroll of blinking for 97 gold pieces
 29842 | D:14     | Found Akkotzae's Assorted Antiques.
 29869 | D:14     | Reached XP level 16. HP: 85/85 MP: 23/33
 29869 | D:14     | Gained a life (2 lives remaining)
 29929 | D:14     | Bought a potion of curing for 96 gold pieces
 29929 | D:14     | Bought a potion of curing for 96 gold pieces
 29929 | D:14     | Bought a sedimented coppery potion for 28 gold pieces
 30140 | D:14     | Found a gate to the Vaults.
 30285 | D:15     | Entered Level 15 of the Dungeon
 31201 | D:15     | Reached skill level 18 in Necromancy
 31642 | D:15     | Found a staircase to the Depths.
 32227 | Shoals:1 | Entered Level 1 of the Shoals
 33668 | Shoals:2 | Identified a scroll of acquirement
 33669 | Shoals:2 | Acquired the Spellbook of the Escort
 33954 | Shoals:2 | Found the +2 cloak of the Thief {*Fog Slay-2 SInv Stlth+}
 34487 | Shoals:3 | Reached skill level 19 in Necromancy
 35370 | Shoals:3 | Slain by a merfolk impaler
 35370 | Shoals:3 | Lost a life (1 life remaining)
 35416 | Shoals:3 | Reached XP level 17. HP: 89/89 MP: 7/34
 35755 | Shoals:3 | Noticed Polyphemus
 35761 | Shoals:3 | Killed Polyphemus
 35938 | Shoals:4 | Entered Level 4 of the Shoals
 36059 | Shoals:4 | Got a barnacled rune of Zot
 36210 | Slime:1  | Entered Level 1 of the Pits of Slime
 36210 | Slime:1  | Noticed an acid blob
 36218 | Slime:1  | Killed an acid blob
 36229 | Slime:1  | Reached skill level 20 in Necromancy
 36261 | Slime:1  | Noticed an acid blob
 36266 | Slime:1  | Killed an acid blob
 36430 | Slime:2  | Noticed Dissolution
 36441 | Slime:2  | Killed Dissolution
 36462 | Slime:2  | Noticed an acid blob
 36470 | Slime:2  | Killed an acid blob
 37006 | Slime:1  | Gained mutation: You sometimes lose your temper in combat.
                  | [a shining eye]
 37236 | Slime:3  | Noticed an acid blob
 37241 | Slime:3  | Killed an acid blob
 37261 | Slime:3  | Noticed an acid blob
 37267 | Slime:3  | Killed an acid blob
 37657 | Slime:4  | Noticed an acid blob
 37667 | Slime:4  | Noticed an acid blob
 37669 | Slime:4  | Noticed an acid blob
 37949 | Slime:4  | Killed an acid blob
 37962 | Slime:4  | Killed an acid blob
 37970 | Slime:4  | Reached skill level 21 in Necromancy
 38160 | Slime:5  | Entered Level 5 of the Pits of Slime
 38169 | Slime:5  | Noticed an acid blob
 38175 | Slime:5  | Noticed an acid blob
 38176 | Slime:5  | Noticed an acid blob
 38180 | Slime:5  | Killed an acid blob
 38181 | Slime:5  | Reached skill level 1 in Hexes
 38184 | Slime:5  | Reached XP level 18. HP: 69/93 MP: 16/37
 38251 | Slime:5  | Noticed the Royal Jelly
 38405 | Slime:5  | Paralysed by a formless jellyfish for 1 turns
 38421 | Slime:5  | Reached skill level 5 in Hexes
 38479 | Slime:5  | Found a viscous altar of Jiyva.
 38488 | Slime:5  | Found the dreamshard necklace {Acrobat *Dream}
 38671 | Slime:5  | Fell from the grace of Kikubaaqudgha
 38671 | Slime:5  | Became a worshipper of Jiyva Juiroec the Shapeless
 38951 | Slime:5  | Found the +13 scythe of Curses {drain, curses, ^Drain}
 39101 | Spider:1 | Entered Level 1 of the Spider Nest
 39114 | Spider:1 | Reached skill level 22 in Necromancy
 39721 | Spider:1 | Learned a level 8 spell: Infestation
 39909 | Spider:1 | Learned a level 4 spell: Dispel Undead
 40202 | Spider:1 | Reached * piety under Jiyva
 40584 | Spider:1 | Reached ** piety under Jiyva
 41255 | Spider:2 | Noticed Nikola
 41265 | Spider:2 | Killed Nikola
 41354 | Spider:2 | Noticed Louise
 41361 | Spider:2 | HP: 2/74 [demonic crawler (15)]
 41366 | Spider:2 | Killed Louise
 41377 | Spider:2 | Your ally Louise died
 41390 | Spider:2 | Reached skill level 23 in Necromancy
 41819 | Spider:3 | Noticed Arachne
 41821 | Spider:3 | Noticed Asterion
 41830 | Spider:3 | Killed Arachne
 41831 | Spider:3 | Slain by a sun moth
 41831 | Spider:3 | Lost a life (0 lives remaining)
 41858 | Spider:3 | Killed Asterion
 41905 | Spider:3 | Blown up by an orb spider

Illustrated notes

Levels and vault maps discovered:
D:1:      sevenhm_arrival_forest_fort_small_4, layout_loops_ring
D:2:      layout_rooms, uniq_robin
D:3:      layout_basic, uniq_natasha
D:4:      layout_layer_cave, uniq_blork_the_orc, uniq_eustachio, uniq_edmund
D:5:      layout_basic, nicolae_the_louvre, uniq_menkaure
D:6:      kennysheep_steamy, layout_cave_pools, minmay_temple_entry_butterflies
D:7:      layout_loops_cross, minivault_25
D:8:      layout_basic, david_lair_generic, special_room [special_room_kobold]
D:9:      layout_cave_pools, minmay_overflow_temple_star_quad, orc_0_dummy,
          david_defended_altar_orc
D:10:     layout_cave_pools, ebering_ghost_inner_flame, grunt_ogre_cave
D:11:     layout_irregular_city
D:12:     minmay_curly_fans, layout_irregular_city, serial_column_ruins,
          column_ruins_open_large, column_ruins_grid_1, column_ruins_open_small,
          column_ruins_open_tiny, column_ruins_columns_T,
          nemelex_spade_bored_becter, uniq_nessos, uniq_sonja, uniq_jorgrun
D:13:     layout_cave_pods, uniq_josephine, uniq_azrael
D:14:     layout_basic, david_vaults_4, infiniplex_staircase_diamond,
          serial_shops, nicolae_shop_tiny_glass, nicolae_eternal_life,
          minmay_statues_item
D:15:     grunt_enter_depths_snipers, layout_long_grid, serial_park_square3
          [serial_park_minivault_5x5_2]
Temple:   hellmonk_temple_of_storms
Lair:1:   wander_river, layout_cave_pods
Lair:2:   layout_gridlike, spider_nest_entry_funnel_web, beast_lair_carwin_1,
          lemuel_fruit_tree
Lair:3:   layout_hall_layers, nicolae_shoals_entry_roost, serial_bayou_shore_a,
          grunt_megastairs_1
Lair:4:   layout_gridlike, slime_entry_1, beast_lair_carwin_3,
          lemuel_fruit_fields
Lair:5:   wormcave, layout_loops_ring, hangedman_lair_in_review,
          serial_bayou_shore_b, infiniplex_staircase_pool_2
Shoals:1: layout_shoals, nicolae_shoals_land_atoll
Shoals:2: layout_shoals, nicolae_shoals_former_cling_halls
Shoals:3: layout_shoals, uniq_polyphemus
Shoals:4: shoals_end_grunt_ice, layout_shoals, nicolae_shoals_secluded_bog
Spider:1: layout_chambers, hellmonk_test_site,
          hangedman_spider_tarantella_strand
Spider:2: layout_spider_delve, uniq_louise, uniq_nikola
Spider:3: nicolae_spider_hall_of_the_moth_king, uniq_arachne, uniq_asterion,
          uniq_aizul
Slime:1:  layout_caves
Slime:2:  layout_caves, uniq_dissolution
Slime:3:  layout_caves
Slime:4:  layout_caves
Slime:5:  slime_pit_nicolae_trefoil
Orc:1:    nicolae_orc_accident_2, layout_caves
Orc:2:    st_orc_ogre_mass, layout_caves

Skill      XL: |  1  2  3  4  5  6  7  8  9 10 11 12 13 14 15 16 17 18 |
---------------+-------------------------------------------------------+-----
Stealth        | 3 4 5 6 7 8 10 | 10.0
Dodging        | 3 4 5 6 8 9 10 | 10.0
Spellcasting   | 3 4 5 6 7 8 10 12 14 | 14.0
Summonings     | 5 6 7 8 9 10 11 13 14 | 14.0
Fire Magic     | 2 3 4 5 |  5.0
Fighting       | 1 2 3 4 6 7 8 10 | 10.0
Air Magic      | 1 3 5 7 |  7.0
Necromancy     | 5 8 11 15 17 19 21 23 | 23.4
Hexes          | 2 5 |  5.0

Action                     |  1- 3 |  4- 6 |  7- 9 | 10-12 | 13-15 | 16-18 || total
---------------------------+-------+-------+-------+-------+-------+-------++-------
  Melee: Unarmed           |    27 |     7 |    32 |    76 |    83 |    96 ||   321
         Bite              |     1 |     2 |     7 |    12 |    13 |    12 ||    47
         Punch             |       |       |       |     1 |     3 |     1 ||     5
   Cast: Summon Small Mamm |    38 |    24 |     9 |     5 |    17 |     4 ||    97
         Call Imp          |    17 |    13 |     7 |    11 |    16 |     3 ||    67
         Call Canine Famil |     2 |    12 |     8 |    15 |    30 |     8 ||    75
         Summon Blazeheart |       |     2 |    36 |    59 |    65 |    23 ||   185
         Summon Lightning  |       |       |    10 |    60 |    73 |    34 ||   177
         Animate Dead      |       |       |       |    18 |    34 |    28 ||    80
         Death Channel     |       |       |       |       |    53 |    46 ||    99
         Anguish           |       |       |       |       |    56 |    83 ||   139
         Haunt             |       |       |       |       |     3 |   107 ||   110
         Dispel Undead     |       |       |       |       |       |     9 ||     9
         Infestation       |       |       |       |       |       |     2 ||     2
 Invoke: Unearth Wretches  |       |       |       |       |    18 |    34 ||    52
         Receive Forbidden |       |       |       |       |     1 |       ||     1
  Evoke: Wand              |       |       |     2 |     1 |    31 |     7 ||    41
         Lightning rod     |       |       |       |       |     3 |     9 ||    12
    Use: Scroll            |       |       |    15 |    10 |    14 |    13 ||    52
         Potion            |       |       |     1 |     4 |    10 |    16 ||    31
   Stab: Sleeping          |     5 |     4 |     1 |     2 |     3 |       ||    15
         Paralysed         |       |       |     3 |       |    20 |    44 ||    67
         Distracted        |       |       |       |     2 |     3 |     1 ||     6
         Invisible         |       |       |       |       |     2 |       ||     2
 Armour: Skin              |    12 |     9 |    53 |    84 |   185 |   179 ||   522
  Dodge: Dodged            |    34 |     9 |   112 |   233 |   307 |   312 ||  1007
